 Dungeon Crawl Stone Soup version 0.31-a0-313-g785cd24033 (webtiles) character file.

Game seed: 16363088881670700510

387 Essalna the Changeling (level 6, -3/72 HPs)
             Began as a Merfolk Shapeshifter on July 17, 2023.
             Blown up by Pikel (12 damage)
             ... with a mindburst bolt
             ... on level 4 of the Dungeon.
             The game lasted 00:06:58 (3201 turns).

Essalna the Changeling (Merfolk Shapeshifter)       Turns: 3201, Time: 00:06:59

Health: -3/72      AC: 23    Str: 17    XL:     6   Next: 78%
Magic:  6/6        EV:  2    Int:  8    God:
Gold:   240        SH:  0    Dex: 14    Spells: 5/5 levels left

rFire   . .          .
                       - Unarmed
rCold   . . .        (no shield)
rNeg    . . .        k - melded +4 robe of Ixkuapso {Rampage}
rPois   +            (helmet currently unavailable)
rElec   .            (cloak currently unavailable)
rCorr   .            (gloves currently unavailable)
SInv    .            (boots currently unavailable)
Will    .....        (no amulet)
Stlth   +            (no ring)
HPRegen 0.32/turn    (no ring)
MPRegen 0.10/turn

%: no passive effects
@: tree-form
A: stationary, stasis, torment immunity, boosted hp, (nimble swimmer 2),
(mertail)
a: no special abilities


You were on level 4 of the Dungeon.
You were a tree.
You visited 1 branch of the dungeon, and saw 4 of its levels.

You collected 240 gold pieces.

Inventory:

Armour
 a - a +0 animal skin
 k - the +4 robe of Ixkuapso (melded) {Rampage}
   (You took it off a goblin on level 2 of the Dungeon)

   Rampage:   It bestows one free step when moving towards enemies.
Jewellery
 l - a ring of protection from fire
Talismans
 c - a beast talisman
Scrolls
 d - 5 scrolls of identify {unknown}
 e - a scroll of revelation {unknown}
 f - a scroll of fog {unknown}
 g - a scroll of enchant armour {unknown}
 h - 3 scrolls of noise {unknown}
 j - a scroll of fear {unknown}
 m - a scroll of brand weapon {unknown}
 n - a scroll of teleportation {unknown}
 o - 2 scrolls of poison {unknown}
Potions
 i - 3 potions of heal wounds {unknown}


   Skills:
 + Level 4.1 Fighting
 + Level 5.1 Dodging
 + Level 4.2 Unarmed Combat
 + Level 5.5 Shapeshifting


You had 5 spell levels left.
You didn't know any spells.
Your spell library was empty.

Dungeon Overview and Level Annotations

Branches:
Dungeon (4/15)
 Temple: D:4-7

Altars:
Makhleb
Uskayaw

Shops:
D:4 ::

Annotations:
D:4 Pikel


Innate Abilities, Weirdness & Mutations

You are a tree.
Your roots penetrate the ground, keeping you stationary.
You cannot be teleported.
You are immune to unholy pain and torment.
Your maximum health is greatly increased.
Your equipment is partially melded.
((You are very nimble when in or above water. (Stealth+, EV+, Speed+++)))
((Your lower body shifts to a powerful aquatic tail in water.))


Message History

The lemure is heavily wounded.
You punch Pikel!
Pikel is lightly wounded.
You hit Pikel.
Pikel is moderately wounded.
Pikel hits you but does no damage.
The lemure shouts!
You punch Pikel!
Pikel is heavily wounded.
Pikel zaps a wand.
Your mind is blasted!
You hit Pikel.
Pikel is heavily wounded.
Pikel hits you with a +0 whip of freezing.
Pikel freezes you.
You hit Pikel.
Pikel is severely wounded.
Pikel misses you.
You punch Pikel!
Pikel is severely wounded.
Pikel hits you with a +0 whip of freezing!
Pikel freezes you.
You hit Pikel but do no damage.
Pikel is severely wounded.
Pikel says, "I just want to get paid!"
Pikel zaps a wand.
Your mind is blasted!
* * * LOW HITPOINT WARNING * * *
You hit Pikel.
Pikel is almost dead.
Pikel hits you with a +0 whip of freezing.
* * * LOW HITPOINT WARNING * * *
Pikel freezes you.
* * * LOW HITPOINT WARNING * * *
You hit Pikel.
Pikel is almost dead.
Really quaff the potion of lignification?
Your transformation has ended.
You turn into a tree.
The +4 robe of Ixkuapso {Rampage} melds into your body.
Your roots penetrate the ground.
Pikel zaps a wand.
Your mind is blasted!
You die...

##.................#
##.....##...##..###
#.....##...##.##
#.....##...##.#
#....o##...##.#
#..##.##...##.#
#..##)##...##.#
##.....###∩###.####
##......#######.♣K5#
#...###..#####..##55.....
..### #.........# #.....5
.## ##.....#### #..... ##
#.....##### ..... #
##...###...# ....
#...###....## ...
##...##......# ...
#...#.....<..#


You could see Pikel and 3 lemures.

Vanquished Creatures
  2 scorpions (D:4)
  A howler monkey (D:4)
  A hound (D:3)
  2 orc wizards (D:4)
  Robin (D:4)
  2 adders
  3 worms
  6 dart slugs
  5 orcs
  9 ball pythons
  6 bats
  7 endoplasms
  A giant cockroach (D:1)
  14 goblins
  10 hobgoblins
  3 quokkas
  4 frilled lizards
  12 kobolds
  5 rats
94 creatures vanquished.

Notes
Turn   | Place    | Note
-------+----------+-------------------------------------------
     0 | D:1      | Essalna the Merfolk Shapeshifter began the quest for the
                  | Orb.
     0 | D:1      | Reached XP level 1. HP: 16/16 MP: 1/1
   108 | D:1      | Reached XP level 2. HP: 23/23 MP: 2/2
   316 | D:1      | Reached XP level 3. HP: 28/28 MP: 3/3
   970 | D:2      | Found a faded altar of an unknown god.
  1157 | D:2      | Identified the +4 robe of Ixkuapso {Rampage}
  1162 | D:2      | Reached XP level 4. HP: 34/34 MP: 4/4
  1511 | D:3      | Found a burning altar of Makhleb.
  1772 | D:3      | Found a hide-covered altar of Uskayaw.
  1943 | D:4      | Reached XP level 5. HP: 38/41 MP: 5/5
  1985 | D:4      | Noticed Robin
  1988 | D:4      | Reached skill level 5 in Shapeshifting
  2114 | D:4      | Found Minkoh's Tremendous Tomes.
  2162 | D:4      | Reached XP level 6. HP: 41/48 MP: 6/6
  2355 | D:4      | Killed Robin
  2752 | D:4      | Found Jighek's Tiny Tomes.
  2909 | D:4      | Reached skill level 5 in Dodging
  3181 | D:4      | Noticed Pikel
  3201 | D:4      | Blown up by Pikel

Illustrated notes

Levels and vault maps discovered:
D:1:      sevenhm_arrival_forest_fort_small_4, layout_loops_ring
D:2:      layout_loops_ring, hellmonk_ecumenical_altar_defaced_shrine
D:3:      layout_rooms, lightli_temple_of_fire, overflow_temple_1_default
D:4:      layout_cave_pods, dreamdust_princess_corridor,
          nicolae_shop_i_like_big_books, nicolae_shop_i_like_small_books_too,
          roderic_roman_lattice, minmay_bisected, uniq_pikel, uniq_robin

Skill      XL: |  1  2  3  4  5  6 |
---------------+-------------------+-----
Dodging        | 3 4 5 |  5.1
Fighting       | 3 4 |  4.1
Unarmed Combat | 3 4 |  4.2
Shapeshifting  | 5 |  5.5

Action                     |  1- 3 |  4- 6 || total
---------------------------+-------+-------++-------
  Melee: Unarmed           |   101 |   193 ||   294
         Punch             |     2 |     9 ||    11
    Use: Potion            |       |     1 ||     1
   Stab: Sleeping          |     3 |       ||     3
 Armour: Animal skin       |    22 |       ||    22
         Robe              |       |    55 ||    55
  Dodge: Dodged            |    71 |   141 ||   212

Table legend: (Time is in decaauts)
 A = Elapsed time spent in this place.
 B = Non-inter-level travel time spent in this place.
 C = Inter-level travel time spent in this place.
 D = Time resting spent in this place.
 E = Time spent auto-exploring this place.
 F = Levels seen in this place.
 G = Mean time per level.
                   A        B        C        D        E       F      G
               +--------+--------+--------+--------+--------+-----+--------+
         Total |   3182 |   2982 |    200 |    143 |   2173 |   4 |  795.5 |
       Dungeon |   3182 |   2982 |    200 |    143 |   2173 |   4 |  795.5 |
               +--------+--------+--------+--------+--------+-----+--------+

Top non-repeatable levels by time:
     D:4: 1035 daAuts
     D:3: 779 daAuts
     D:1: 731 daAuts
     D:2: 635 daAuts
